Map: Inside and Out

Players

turt

  • Race: Terran Terran
  • League: Gold
  • Spawn Location: 7:00

MattBarry - Winner!

  • Race: Zerg Zerg
  • League: Silver
  • Spawn Location: 1:00

VOD

Have the link to the VOD?

Description

Time

  • Played on: Jan. 20, 2023, 5:10 p.m.
  • Length: 21:17
Show
View Real Time Build Order
Export as new Build Order

turt Terran 

Build Orders:  

Get SALT Encoding   

  12  0:01  SCV  
  13  0:13  SCV  
  14  0:17  Supply Depot  
  14  0:25  SCV  
  15  0:38  SCV  
  15  0:40  Barracks  
  16  0:45  Refinery  
  16  0:50  SCV  
  17  1:03  SCV  
  18  1:15  SCV  
  19  1:33  Orbital Command  
  19  1:39  Bunker  
  19  1:46  Barracks Reactor  
  19  1:53  Supply Depot  
  19  2:04  Command Center  
  19  2:30  Marine  
  19  2:31  Marine  
  20  2:39  Barracks, Bunker  
  20  2:48  Marine  
  20  2:49  Marine  
  22  2:56  Command Center  
  22  3:03  SCV  
  23  3:06  Marine x2  
  25  3:15  SCV  
  25  3:18  Supply Depot  
  26  3:23  Bunker  
  26  3:24  Marine x2  
  28  3:29  Barracks Tech Lab  
  28  3:42  Marine x2  
  28  3:44  SCV  
  31  3:49  Stimpack  
  31  3:54  Barracks  
  31  4:00  Supply Depot  
  25  4:20  Marine x3  
  18  4:29  SCV  
  19  4:38  Marine x3  
  19  4:41  SCV  
  22  4:53  SCV  
  19  5:20  Marine  
  19  5:21  Marine x2  
  20  5:24  Bunker  
  20  5:25  Bunker  
  22  5:32  SCV  
  23  5:38  Marine  
  23  5:39  Marine x2  
  26  5:43  Combat Shield  
  26  5:48  Orbital Command  
  26  5:53  SCV  
  26  5:56  Marine  
  28  6:01  Supply Depot  
  28  6:05  SCV  
  28  6:06  Supply Depot  
  28  6:07  Marine  
  30  6:14  Barracks Tech Lab  
  30  6:17  SCV  
  31  6:29  SCV x2  
  31  6:32  Supply Depot  
  33  6:34  Refinery  
  33  6:41  SCV  
  33  6:42  SCV  
  35  6:51  Marauder x2  
  35  6:53  SCV  
  35  6:54  Marine x2  
  41  6:55  Factory  
  41  6:57  SCV  
  43  7:06  Concussive Shells  
  43  7:08  SCV  
  44  7:11  Marine  
  44  7:12  SCV  
  46  7:20  SCV  
  47  7:24  SCV  
  48  7:32  SCV  
  49  7:39  Factory Reactor  
  49  7:41  Starport  
  49  7:42  Marine  
  49  7:43  Marine x3  
  53  7:44  SCV  
  53  7:45  SCV  
  55  8:04  SCV x2  
  57  8:08  Marine  
  57  8:09  Marine x3  
  61  8:16  SCV x2  
  63  8:25  Medivac x2  
  63  8:26  Marine x3  
  63  8:27  Marine  
  69  8:28  SCV x2  
  69  8:29  Factory Tech Lab  
  73  8:38  Command Center  
  73  8:40  SCV x2  
  75  8:44  Marine x4  
  79  8:49  Supply Depot  
  79  8:50  Supply Depot, Siege Tank  
  79  8:52  SCV  
  79  8:53  SCV  
  84  9:02  Marine x2  
  86  9:10  SCV x2  
  64  9:46  Marine  
  64  9:47  Marine x3  
  68  9:57  Orbital Command  
  68  9:58  SCV x2  
  70  10:04  Supply Depot, Marine  
  70  10:05  Supply Depot, Marine, Refinery  
  72  10:07  Refinery  
  72  10:10  SCV x2  
  72  10:13  Barracks  
  72  10:14  Barracks  
  74  10:15  Engineering Bay  
  74  10:16  Engineering Bay  
  74  10:18  Orbital Command  
  74  10:22  SCV x2  
  76  10:29  Marine x2  
  76  10:30  Marine, Siege Tank  
  76  10:31  Liberator  
  76  10:32  Viking  
  76  10:33  Marine  
  76  10:34  SCV x2  
  90  10:47  Marine x2  
  92  10:51  SCV x2, Sensor Tower  
  94  11:02  Medivac  
  94  11:03  SCV  
  94  11:04  SCV  
  98  11:06  Bunker  
  98  11:09  Supply Depot  
  98  11:14  Supply Depot  
  98  11:15  SCV  
  98  11:16  SCV  
  100  11:26  Marine, SCV  
  100  11:27  Marine x3, SCV  
  100  11:28  SCV  
  100  11:30  Barracks Reactor x2  
  107  11:38  SCV, Siege Tank  
  107  11:39  SCV  
  112  11:40  SCV  
  112  11:44  Marine  
  114  11:48  Supply Depot  
  114  11:51  SCV  
  114  11:52  Marine, SCV x2  
  114  11:53  Marine x2  
  120  12:02  Marine  
  120  12:04  SCV x2  
  123  12:10  Marine, Siege Tank  
  123  12:11  Marine x2  
  129  12:16  Supply Depot  
  129  12:17  Supply Depot, Marine x4  
  129  12:18  Supply Depot x2  
  129  12:19  Supply Depot  
  129  12:20  Marine, Medivac x2  
  129  12:21  Supply Depot  
  138  12:28  Marine  
  138  12:29  Marine x2  
  141  12:35  Marine x3  
  141  12:36  Refinery x2  
  144  12:37  Terran Infantry Armor Level 1, Terran Infantry Weapons Level 1  
  144  12:38  Marine  
  144  12:42  Siege Tank  
  148  12:46  Marine x3  
  148  12:47  Command Center  
  151  13:01  Marine x5  
  151  13:04  Marine x3  
  159  13:18  Marine  
  159  13:19  Marine x4  
  164  13:21  Marine  
  164  13:22  Marine x2  
  167  13:36  Marine  
  167  13:37  Marine x4  
  167  13:39  Viking, Liberator, Marine  
  167  13:40  Marine x2  
  180  13:54  Marine  
  180  13:55  Marine x4  
  175  13:57  Marine  
  175  13:58  Marine x2  
  178  14:12  Marine x5  
  178  14:15  Marine x2  
  185  14:21  Marine  
  148  14:30  Marine x5  
  130  14:31  Hi-Sec Auto Tracking  
  130  14:33  Marine x2  
  130  14:37  SCV x3  
  132  14:39  Marine  
  133  14:47  Marine  
  133  14:48  Marine x4  
  133  14:49  SCV  
  133  14:51  Marine x2  
  141  14:53  Medivac x2  
  141  14:54  Command Center  
  141  14:56  Command Center  
  141  14:57  Marine, Factory  
  146  15:05  Orbital Command, Marine  
  146  15:06  Marine x4  
  151  15:09  Marine x2  
  153  15:15  Marine  
  153  15:17  Siege Tank  
  157  15:23  Marine, Liberator, Viking  
  157  15:24  Armory, Marine x4  
  157  15:27  Marine x2  
  169  15:29  Refinery  
  169  15:30  Refinery  
  169  15:33  Marine  
  170  15:39  Command Center  
  170  15:41  Marine x3  
  176  15:50  Siege Tank  
  130  16:22  Siege Tank  
  130  16:23  Marine x8  
  141  16:31  Barracks  
  141  16:32  Barracks  
  141  16:33  Terran Vehicle Weapons Level 1  
  141  16:37  Planetary Fortress x2  
  141  16:40  Marine  
  141  16:41  Marine x7  
  146  16:47  Command Center  
  146  16:54  Siege Tank  
  149  16:58  Marine  
  149  16:59  Marine x7  
  149  17:00  Factory Tech Lab  
  154  17:01  Medivac x2  
  158  17:14  SCV x2  
  158  17:15  SCV  
  161  17:16  Marine  
  161  17:17  Marine x7  
  169  17:23  Barracks Reactor  
  169  17:24  Barracks Reactor  
  169  17:26  SCV, Siege Tank  
  173  17:31  Viking, SCV x2, Medivac  
  173  17:33  Siege Tank  
  173  17:34  Marine x6, SCV  
  189  17:38  SCV  
  189  17:43  SCV x2  
  192  17:46  SCV  
  192  17:51  SCV  
  194  17:54  Command Center  
  194  17:55  SCV x2, Command Center  
  194  17:58  SCV, Siege Tank  
  200  18:03  SCV  
  198  18:16  Viking  
  198  18:17  Viking  
  199  18:27  Terran Vehicle And Ship Armor Level 1  
  199  18:44  Command Center  
  199  18:45  Command Center  
  199  18:53  Command Center  
  199  19:10  Planetary Fortress  
  199  19:45  Command Center  
  199  19:48  Command Center  
  199  19:50  Command Center  
  199  19:57  Planetary Fortress x2  
  160  20:22  Marine x9  
  160  20:23  Marine x3  
  128  20:38  Viking  
  128  20:39  Viking  
  128  20:40  Marine x12, Siege Tank x2  
  130  20:57  Marine  
  130  20:58  Marine x11  
Show
View Real Time Build Order
Export as new Build Order

MattBarry Zerg - Winner!

Build Orders: Pool First 

Get SALT Encoding   

  12  0:01  Drone  
  13  0:10  Drone  
  14  0:20  Extractor  
  14  0:21  Drone  
  14  0:33  Spawning Pool  
  13  0:36  Drone  
  14  1:01  Drone, Extractor  
  15  1:07  Overlord  
  15  1:22  Extractor  
  14  1:27  Evolution Chamber  
  14  1:28  Zergling x4, Evolution Chamber  
  14  1:29  Zergling x2  
  17  1:34  Metabolic Boost  
  18  1:41  Queen  
  18  1:45  Zergling x2  
  21  2:07  Hatchery  
  20  2:11  Zergling x2  
  20  2:14  Overlord  
  21  2:24  Zergling x2  
  22  2:43  Drone x2  
  23  2:55  Baneling Nest  
  23  2:56  Drone x2  
  24  3:01  Queen  
  26  3:23  Zergling x2  
  26  3:24  Zergling x8  
  31  3:42  Drone  
  31  3:43  Drone x3  
  31  3:45  Baneling  
  31  3:46  Baneling x5  
  35  3:58  Baneling  
  30  4:20  Zergling x2  
  30  4:21  Zergling x16  
  35  4:25  Overlord  
  34  4:38  Drone, Overlord  
  35  4:45  Zergling x4  
  37  4:56  Drone x6  
  37  4:57  Drone  
  36  5:14  Zergling x8  
  38  5:26  Drone  
  38  5:27  Zergling x6  
  41  5:34  Evolution Chamber  
  40  5:35  Spore Crawler  
  40  5:39  Spore Crawler  
  38  5:48  Zergling x14  
  38  5:49  Queen  
  47  5:53  Zergling x2  
  47  5:54  Zergling x2  
  49  5:58  Overlord  
  49  6:02  Zerg Melee Weapons Level 1  
  49  6:09  Drone x2  
  51  6:11  Overlord  
  51  6:19  Extractor  
  51  6:20  Drone  
  51  6:21  Drone x3  
  52  6:34  Roach Warren  
  52  6:35  Drone  
  52  6:36  Evolution Chamber, Drone x2  
  53  6:41  Extractor  
  52  6:55  Hatchery  
  52  7:01  Pneumatized Carapace  
  51  7:02  Overlord  
  51  7:16  Lair  
  51  7:18  Drone x4  
  51  7:19  Drone  
  56  7:24  Zerg Ground Armor Level 1  
  56  7:26  Drone  
  57  7:43  Queen  
  59  7:44  Roach  
  59  7:45  Roach x3  
  59  7:47  Zergling x4  
  59  7:48  Drone x3  
  72  8:01  Overlord  
  72  8:02  Overlord x2  
  72  8:09  Zerg Missile Weapons Level 1  
  72  8:30  Spire  
  72  8:31  Drone x4  
  72  8:32  Roach  
  73  8:52  Baneling x6  
  73  8:56  Queen, Extractor  
  73  8:57  Extractor  
  73  9:07  Extractor  
  70  9:21  Zergling x22  
  70  9:22  Zergling x4  
  71  9:43  Roach x6  
  75  9:58  Zerg Melee Weapons Level 2  
  75  10:00  Hatchery  
  72  10:12  Drone x3  
  72  10:13  Overlord  
  75  10:17  Drone x6  
  75  10:18  Drone x3  
  84  10:29  Roach x2  
  84  10:30  Roach x5  
  84  10:31  Overlord x2  
  84  10:32  Glial Reconstitution  
  84  10:34  Zerg Missile Weapons Level 2  
  98  10:36  Hatchery  
  98  10:40  Infestation Pit  
  96  10:53  Spore Crawler  
  95  10:58  Ravager x3  
  98  11:05  Drone x4  
  98  11:06  Drone x3, Overlord x2  
  105  11:25  Mutalisk, Roach x2  
  109  11:26  Mutalisk  
  112  11:41  Overlord  
  112  11:42  Overlord  
  112  11:45  Overlord  
  112  11:49  Hive  
  112  11:55  Queen  
  112  12:00  Centrifugal Hooks  
  114  12:05  Pathogen Glands  
  114  12:23  Mutalisk x3  
  114  12:27  Zergling x2  
  114  12:28  Zergling x32  
  137  12:42  Drone  
  137  12:43  Drone x5  
  143  13:00  Roach x2, Extractor  
  143  13:01  Roach x3  
  143  13:02  Roach x3, Extractor  
  143  13:03  Roach x2  
  143  13:05  Adrenal Glands  
  161  13:07  Greater Spire  
  161  13:16  Zerg Ground Armor Level 2  
  161  13:53  Corruptor x2  
  161  13:55  Overlord x5  
  118  14:34  Infestor x3  
  118  14:35  Infestor  
  124  14:40  Zergling x4  
  124  14:41  Zergling x32  
  144  14:45  Brood Lord  
  144  14:46  Brood Lord  
  146  15:07  Drone x3  
  146  15:08  Drone x3, Overlord  
  146  15:09  Overlord  
  146  15:10  Drone  
  153  15:23  Roach x3  
  153  15:24  Roach  
  153  15:27  Corruptor x2  
  153  15:28  Corruptor  
  167  15:37  Drone x2  
  167  15:42  Zerg Melee Weapons Level 3  
  169  15:44  Corruptor x2  
  169  15:45  Corruptor x4  
  169  15:46  Corruptor x2  
  185  15:56  Roach x6  
  162  16:23  Corruptor x3  
  162  16:24  Corruptor  
  162  16:25  Infestor x2  
  165  16:37  Hydralisk Den  
  165  16:39  Hydralisk Den  
  161  17:07  Brood Lord x3  
  167  17:11  Zergling x2  
  167  17:12  Zergling x32  
  184  17:30  Queen  
  184  17:31  Queen x3  
  183  18:15  Hydralisk  
  183  18:16  Hydralisk x2  
  183  18:17  Hydralisk x5  
  198  18:20  Drone  
  199  18:27  Grooved Spines  
  199  18:28  Muscular Augments  
  199  18:54  Hatchery  
  193  19:09  Hatchery  
  192  19:20  Queen  
  194  19:26  Brood Lord x3  
  189  20:21  Zergling x12  
  175  20:22  Zergling x32  
  180  20:38  Queen  
  180  20:39  Queen x2  
  182  20:48  Brood Lord x2  
Tags
 
Matchup
TvZ
Opening
Pool First
Replay Pack
Multiplayer
Spawn Locations
Cross Positions
Add a new tag
Caveats
  • Supply blocks, unpowered buildings, or Contaminate may cause inaccurate times.
  • Supply counts are checked every 10 seconds.